Thunder vs Staline (R1)

Created - 7 mai 2016 at 19:06

Goals
1 2 3 OT1 T
Thunder 2 2 4 1 9
Staline 2 5 1 0 8
Shots
1 2 3 OT1 T
Thunder 8 18 12 10 48
Staline 8 13 16 4 41

1st period

1. Staline , Cody Eakin 1 (James Sheppard) at 7:46
2. Thunder , Brandon Mashinter 1 (Robin Leblanc) at 9:50
3. Staline , Yan Stastny 1 (Jiri Tlusty, Nick Spaling) at 11:21
4. Thunder , David Clarkson 1 (Ryan O'Reilly, Robin Leblanc) at 13:06

Penalties :
No Penalty

2nd period

5. Staline , Andrei Loktionov 1 (Brian Gionta, Evgeny Dadonov) at 3:13 (PP)
6. Staline , Evgeny Dadonov 1 (Brian Gionta, Mark Fraser) at 5:02 (PP)
7. Staline , Jordan Caron 1 (Mark Fraser, Stu Bickel) at 6:57
8. Thunder , Adam Hall 1 (David Fischer, Scott Parse) at 8:05
9. Staline , Cody Eakin 2 (James Sheppard) at 12:03
10. Staline , Evgeny Dadonov 2 (Andrei Loktionov, Brian Gionta) at 16:36 (PP)
11. Thunder , Robin Leblanc 2 (Brandon Mashinter, Scott Parse) at 17:10

Penalties :
Tom Pyatt (TRO) for Hooking (Minor) at 1:04, David Fischer (TRO) for Holding (Minor) at 2:12, Daultan Leveillé (TRO) for High sticking (Minor) at 4:46, Tom Pyatt (TRO) for Hooking (Minor) at 15:36, Casey Pierro-Zabotel (TRO) for Interference (Minor) at 18:28

3rd period

12. Staline , Danny Kristo 1 (Cody Eakin, James Sheppard) at 1:36
13. Thunder , Ryan O'Reilly 1 (David Clarkson, Dany Roussin) at 2:18
14. Thunder , Robin Leblanc 3 (Brandon Mashinter) at 9:35
15. Thunder , Tom Pyatt 2 (Adam Hall, Matt Generous) at 10:40
16. Thunder , Tom Pyatt 3 (Adam Hall, Scott Parse) at 16:08

Penalties :
Brian Gionta (StJ) for Hooking (Minor) at 2:21, Dany Roussin (TRO) for Hooking (Minor) at 11:02

Overtime #1

17. Thunder , Scott Parse 1 (Tom Pyatt, Adam Hall) at 17:49 (PP)

Penalties :
Evgeny Dadonov (StJ) for Tripping (Minor) at 5:00, Dany Roussin (TRO) for Roughing (Minor) at 9:44, David Kolomatis (StJ) for High sticking (Minor) at 16:12

Goalie Stats

Barry Brust (TRO), 27 saves from 31 shots - (0,871), W, 1-1-0, 61:15 minutes
Devan Dubnyk (TRO), 6 saves from 10 shots - (0,600), 16:34 minutes
Tobias Stephan (StJ), 39 saves from 48 shots - (0,813), OTL, 1-0-1, 77:49 minutes

Players Stats for Thunder

Player Name              G  A  P  +/- PIM S  H  SB GA TA FO     MP     PP MP  PK MP  
------------------------------------------------------------------------------------
Adam Hall                1  3  4   2  0   12 3  2  1  0  1/3    28:05   3:23   5:18 
Bobby Farnham            0  0  0   0  0   0  1  0  0  0  0/0     3:27   0:04   0:00 
Brandon Mashinter        1  2  3   1  0   2  1  1  1  0  6/9    14:59   0:00   0:00 
Brett Festerling         0  0  0  -1  0   0  2  2  0  0  0/0    13:09   0:00   0:00 
Casey Pierro-Zabotel     0  0  0   1  2   3  3  0  0  0  0/0    15:49   0:00   0:33 
Colby Cohen              0  0  0   0  0   0  0  0  0  0  0/0     6:15   0:00   0:00 
Dany Roussin             0  1  1   1  4   2  4  0  1  0  0/0    22:46   2:07   1:03 
Daultan Leveillé         0  0  0  -1  2   0  1  0  0  0  1/1     8:39   0:00   0:00 
David Clarkson           1  1  2   1  0   3  1  2  0  1  1/1    23:30   2:07   2:03 
David Fischer            0  1  1   1  2   0  1  0  0  1  0/0    23:24   1:25   2:46 
Derek Forbort            0  0  0   0  0   0  0  0  0  0  0/0     0:00   0:00   0:00 
Dmitri Orlov             0  0  0   0  0   0  0  0  0  0  0/0     6:15   0:00   0:00 
Jannik Hansen            0  0  0  -1  0   0  0  1  0  0  0/0     9:01   0:04   0:00 
Jesse Blacker            0  0  0   0  0   0  0  0  0  0  0/0     0:00   0:00   0:00 
Joey Ryan                0  0  0   1  0   1  2  4  1  0  0/0    24:02   1:25   3:24 
Jordie Benn              0  0  0   3  0   2  2  2  0  2  0/0    34:23   4:09   5:58 
Kelly Zajac              0  0  0   0  0   0  0  0  0  0  0/0     0:21   0:04   0:00 
Mat Clark                0  0  0  -1  0   0  0  1  0  0  0/0    13:09   0:00   0:00 
Matt Generous            0  1  1   3  0   3  0  2  1  2  0/0    34:23   4:09   5:58 
Robin Leblanc            2  2  4   1  0   7  0  0  0  0  0/0    16:45   0:00   1:40 
Ryan O'Reilly            1  1  2   1  0   3  3  1  0  0  11/20  22:09   2:07   0:47 
Scott Parse              1  3  4   1  0   4  7  1  0  2  7/13   34:47   3:23   6:19 
Taylor Doherty           0  0  0   0  0   0  0  0  0  0  0/0     0:37   0:00   0:37 
Tom Pyatt                2  1  3   2  4   6  2  2  0  1  12/35  22:50   3:23   0:10 

Players Stats for Staline

Player Name              G  A  P  +/- PIM S  H  SB GA TA FO     MP     PP MP  PK MP  
------------------------------------------------------------------------------------
Aaron Ness               0  0  0   2  0   0  0  1  0  1  0/0    13:56   0:00   0:00 
Andrei Loktionov         1  1  2  -2  0   4  4  0  0  0  22/45  30:04   5:48   3:25 
Brendan Shinnimin        0  0  0   0  0   0  0  0  0  0  0/0     0:00   0:00   0:00 
Brian Gionta             0  3  3  -2  2   2  3  2  1  1  1/1    26:55   5:48   0:17 
Bryan Bickell            0  0  0   1  0   2  3  0  0  0  0/0    17:07   0:00   1:42 
Cody Eakin               2  1  3   3  0   5  0  0  0  0  3/3    10:14   0:00   1:16 
Corey Trivino            0  0  0   0  0   0  0  0  0  0  0/0     0:08   0:00   0:00 
Danny Kristo             1  0  1   3  0   1  1  1  0  0  0/0     8:58   0:00   0:00 
David Desharnais         0  0  0   1  0   4  1  1  0  0  3/6    15:20   0:00   0:00 
David Kolomatis          0  0  0   2  2   1  0  1  0  0  0/0    13:55   0:00   0:00 
Evgeny Dadonov           2  1  3  -2  2   5  0  0  3  0  4/7    28:57   5:48   2:14 
Greg Pateryn             0  0  0   0  0   0  0  0  0  0  0/0     5:09   0:00   0:00 
James Sheppard           0  3  3   3  0   1  3  0  2  0  0/0     8:58   0:00   0:00 
Jiri Sekac               0  0  0   0  0   0  0  0  0  0  0/0     0:00   0:00   0:00 
Jiri Tlusty              0  1  1  -5  0   3  4  2  1  0  0/0    21:05   3:34   0:00 
Jordan Caron             1  0  1   1  0   2  1  1  0  1  1/2    15:20   0:00   0:00 
Mark Fraser              0  2  2  -2  0   3  3  0  2  1  0/0    33:43   5:35   3:15 
Mark Stone               0  0  0   0  0   0  0  0  0  0  0/0     0:08   0:00   0:00 
Nick Spaling             0  1  1  -5  0   0  1  0  0  0  0/2    21:05   3:34   0:00 
Peter Holland            0  0  0   0  0   1  0  0  0  0  1/1     1:50   0:00   1:37 
Philip Larsen            0  0  0  -3  0   1  3  1  0  0  0/0    25:53   3:47   2:19 
Stu Bickel               0  1  1  -2  0   0  3  3  0  1  0/0    37:08   5:35   3:15 
Torey Krug               0  0  0  -3  0   2  0  6  0  0  0/0    25:53   3:47   2:19 
Yan Stastny              1  0  1  -5  0   4  0  0  0  0  8/15   21:42   3:34   0:37 

3 Stars

1 - Scott Parse (TRO)
2 - Adam Hall (TRO)
3 - Cody Eakin (StJ)

Power Play

Thunder - 1 on 3 Attempt(s) - 33,33%
Staline - 3 on 7 Attempt(s) - 42,86%

Penalty Kill

Thunder - 4 on 7 Attempt(s) - 57,14% - Score 0 goal in Penalty Kill
Staline - 2 on 3 Attempt(s) - 66,67% - Score 0 goal in Penalty Kill

Team Stat

Thunder - Hits : 33 - Faceoff Wins : 39 - Blocked Shots : 21 - Penalty Minutes : 14
Staline - Hits : 30 - Faceoff Wins : 43 - Blocked Shots : 19 - Penalty Minutes : 6

Official

Referees : Pochmara Brian and Hebert Ghislain
Linesman : Mark Shewchyk and Scott Cherrey

Game Notes

Devan Dubnyk enters game at 5:02 of 2nd period
8:05 of 2nd period - Thunder goal is going for a video replay. After video review, Goal.
Barry Brust enters game at 1:36 of 3rd period
Philip Larsen is injured at 17:33 of 1st overtime period (Broken Bone (Right Foot))

Finance

Level 1 -- Attendance: 1848 (92,40%) -- Ticket Income 64 680 $
Level 2 -- Attendance: 788 (78,80%) -- Ticket Income 11 820 $
Total Attendance: 2636 (87,87%)
Total Ticket Income: 76 500 $
Other Income: 3 825 $
Total Income: 80 325 $

Thunder

5 vs 5 Forward 
   Center                   Left Wing                Right Wing               Time % Phy DF OF 
 1 Tom Pyatt                Scott Parse              Adam Hall                40     1   2  2  
 2 Ryan O'Reilly            Dany Roussin             David Clarkson           30     1   2  2  
 3 Brandon Mashinter        Casey Pierro-Zabotel     Robin Leblanc            20     1   2  2  
 4 Daultan Leveillé         Scott Parse              Jannik Hansen            10     1   2  2  

5 vs 5 Defense 
   Defense                  Defense                                           Time % Phy DF OF 
 1 Matt Generous            Jordie Benn                                       40     1   2  2  
 2 David Fischer            Joey Ryan                                         30     1   2  2  
 3 Brett Festerling         Mat Clark                                         20     1   2  2  
 4 Colby Cohen              Dmitri Orlov                                      10     1   2  2  

PowerPlay Forward 
   Center                   Left Wing                Right Wing               Time % Phy DF OF 
 1 Tom Pyatt                Scott Parse              Adam Hall                60     1   2  2  
 2 Ryan O'Reilly            Dany Roussin             David Clarkson           40     1   2  2  

PowerPlay Defense
   Defense                  Defense                                           Time % Phy DF OF 
 1 Matt Generous            Jordie Benn                                       60     1   2  2  
 2 David Fischer            Joey Ryan                                         40     1   2  2  

Penalty Kill 4 Players Forward 
   Center                   Wing                     Time % Phy DF OF 
 1 Scott Parse              Adam Hall                60     1   2  2  
 2 Dany Roussin             David Clarkson           40     1   2  2  

Penalty Kill 4 Players Defense
   Defense                  Defense                  Time % Phy DF OF 
 1 Matt Generous            Jordie Benn              60     1   2  2  
 2 David Fischer            Joey Ryan                40     1   2  2  

Penalty Kill - 3 Players Forward 
   Forward                                           Time % Phy DF OF 
 1 Scott Parse                                       60     1   2  2  
 2 Adam Hall                                         40     1   2  2  

Penalty Kill - 3 Players Defense
   Defense                  Defense                  Time % Phy DF OF 
 1 Matt Generous            Jordie Benn              60     1   2  2  
 2 David Fischer            Joey Ryan                40     1   2  2  

4 vs 4 Forward 
   Center                   Wing                     Time % Phy DF OF 
 1 Scott Parse              Adam Hall                60     1   2  2  
 2 Dany Roussin             David Clarkson           40     1   2  2  

4 vs 4 Defense
   Defense                  Defense                  Time % Phy DF OF 
 1 Matt Generous            Jordie Benn              60     1   2  2  
 2 David Fischer            Joey Ryan                40     1   2  2  

Last Minutes Offensive
   Center                   Left Wing                Right Wing               Defense                  Defense                  
   Tom Pyatt                Scott Parse              Adam Hall                Matt Generous            Jordie Benn              

Last Minutes Defensive
   Center                   Left Wing                Right Wing               Defense                  Defense                  
   Tom Pyatt                Scott Parse              Adam Hall                Matt Generous            Jordie Benn              

Goaltenders
Starting : Barry Brust              
Backup : Devan Dubnyk             

Extra Forwards
Normal : Bobby Farnham, Kelly Zajac, Robin Leblanc - PP : Bobby Farnham, Kelly Zajac - PK : Robin Leblanc
Extra Defensemen
Normal : Jesse Blacker, Taylor Doherty, Derek Forbort - PP : Jesse Blacker - PK : Taylor Doherty, Derek Forbort
Penalty Shots
Scott Parse, Adam Hall, Dany Roussin, David Clarkson, Tom Pyatt

Staline

5 vs 5 Forward 
   Center                   Left Wing                Right Wing               Time % Phy DF OF 
 1 Andrei Loktionov         Evgeny Dadonov           Brian Gionta             40     1   2  2  
 2 Yan Stastny              Nick Spaling             Jiri Tlusty              30     1   2  2  
 3 David Desharnais         Bryan Bickell            Jordan Caron             20     1   2  2  
 4 Cody Eakin               James Sheppard           Danny Kristo             10     1   2  2  

5 vs 5 Defense 
   Defense                  Defense                                           Time % Phy DF OF 
 1 Stu Bickel               Mark Fraser                                       40     1   2  2  
 2 Torey Krug               Philip Larsen                                     30     1   2  2  
 3 David Kolomatis          Aaron Ness                                        20     1   2  2  
 4 Greg Pateryn             Stu Bickel                                        10     1   2  2  

PowerPlay Forward 
   Center                   Left Wing                Right Wing               Time % Phy DF OF 
 1 Andrei Loktionov         Evgeny Dadonov           Brian Gionta             60     1   2  2  
 2 Yan Stastny              Nick Spaling             Jiri Tlusty              40     1   2  2  

PowerPlay Defense
   Defense                  Defense                                           Time % Phy DF OF 
 1 Stu Bickel               Mark Fraser                                       60     1   2  2  
 2 Torey Krug               Philip Larsen                                     40     1   2  2  

Penalty Kill 4 Players Forward 
   Center                   Wing                     Time % Phy DF OF 
 1 Evgeny Dadonov           Andrei Loktionov         60     1   2  2  
 2 Yan Stastny              Brian Gionta             40     1   2  2  

Penalty Kill 4 Players Defense
   Defense                  Defense                  Time % Phy DF OF 
 1 Stu Bickel               Mark Fraser              60     1   2  2  
 2 Torey Krug               Philip Larsen            40     1   2  2  

Penalty Kill - 3 Players Forward 
   Forward                                           Time % Phy DF OF 
 1 Evgeny Dadonov                                    60     1   2  2  
 2 Andrei Loktionov                                  40     1   2  2  

Penalty Kill - 3 Players Defense
   Defense                  Defense                  Time % Phy DF OF 
 1 Stu Bickel               Mark Fraser              60     1   2  2  
 2 Torey Krug               Philip Larsen            40     1   2  2  

4 vs 4 Forward 
   Center                   Wing                     Time % Phy DF OF 
 1 Evgeny Dadonov           Andrei Loktionov         60     1   2  2  
 2 Yan Stastny              Brian Gionta             40     1   2  2  

4 vs 4 Defense
   Defense                  Defense                  Time % Phy DF OF 
 1 Stu Bickel               Mark Fraser              60     1   2  2  
 2 Torey Krug               Philip Larsen            40     1   2  2  

Last Minutes Offensive
   Center                   Left Wing                Right Wing               Defense                  Defense                  
   Andrei Loktionov         Evgeny Dadonov           Brian Gionta             Stu Bickel               Mark Fraser              

Last Minutes Defensive
   Center                   Left Wing                Right Wing               Defense                  Defense                  
   Andrei Loktionov         Evgeny Dadonov           Brian Gionta             Stu Bickel               Mark Fraser              

Goaltenders
Starting : Tobias Stephan           
Backup : Allen York               

Extra Forwards
Normal : Corey Trivino, Mark Stone, Peter Holland - PP : Corey Trivino, Mark Stone - PK : Peter Holland
Extra Defensemen
Normal : David Kolomatis, Aaron Ness, Greg Pateryn - PP : David Kolomatis - PK : Aaron Ness, Greg Pateryn
Penalty Shots
Evgeny Dadonov, Andrei Loktionov, Yan Stastny, Brian Gionta, Jiri Tlusty

% Time on Ice - Thunder

Lines # - Real PCT - Wanted PCT - Time Play
Normal Forward
1 - 31% - 40% - 19:47
2 - 31% - 30% - 19:27
3 - 24% - 20% - 14:59
4 - 14% - 10% - 8:40
Normal Defense
1 - 39% - 40% - 24:16
2 - 31% - 30% - 19:13
3 - 21% - 20% - 13:09
4 - 10% - 10% - 6:15
PP Forward
1 - 62% - 60% - 3:27
2 - 38% - 40% - 2:07
PP Defense
1 - 75% - 60% - 4:09
2 - 25% - 40% - 1:25
PK Forward
1 - 76% - 60% - 6:28
2 - 24% - 40% - 2:03
PK Defense
1 - 65% - 60% - 5:34
2 - 35% - 40% - 2:57
PK3 Forward
1 - 100% - 60% - 0:51
2 - 0% - 40% - 0:00
PK3 Defense
1 - 47% - 60% - 0:24
2 - 53% - 40% - 0:27
44 Forward
1 - 0% - 60%
2 - 0% - 40%
44 Defense
1 - 0% - 60%
2 - 0% - 40%
Last Minute Offensive  - 0:00
Last Minute Defensive  - 0:00
Total
Forward - 77:49
Defense - 77:49

% Time on Ice - Staline

Lines # - Real PCT - Wanted PCT - Time Play
Normal Forward
1 - 34% - 40% - 21:04
2 - 28% - 30% - 17:31
3 - 24% - 20% - 15:20
4 - 14% - 10% - 8:58
Normal Defense
1 - 38% - 40% - 24:01
2 - 31% - 30% - 19:47
3 - 22% - 20% - 13:56
4 - 8% - 10% - 5:09
PP Forward
1 - 62% - 60% - 5:48
2 - 38% - 40% - 3:34
PP Defense
1 - 60% - 60% - 5:35
2 - 40% - 40% - 3:47
PK Forward
1 - 89% - 60% - 4:57
2 - 11% - 40% - 0:37
PK Defense
1 - 58% - 60% - 3:15
2 - 42% - 40% - 2:19
PK3 Forward
1 - 0% - 60%
2 - 0% - 40%
PK3 Defense
1 - 0% - 60%
2 - 0% - 40%
44 Forward
1 - 0% - 60%
2 - 0% - 40%
44 Defense
1 - 0% - 60%
2 - 0% - 40%
Last Minute Offensive  - 0:00
Last Minute Defensive  - 0:00
Total
Forward - 77:49
Defense - 77:49

Play by Play

1st period


0:01 of 1st period - Andrei Loktionov wins face-off versus Tom Pyatt in neutral zone.
0:06 of 1st period - Snap shot by Evgeny Dadonov.
0:06 of 1st period - Shot Misses the Net.
0:50 of 1st period - Snap shot by Bryan Bickell.
0:50 of 1st period - Stopped by Barry Brust with a rebound.
0:56 of 1st period - Slapshot by Bryan Bickell.
0:56 of 1st period - Shot Blocked by Joey Ryan.
1:19 of 1st period - Joey Ryan is hit by James Sheppard and loses puck.
3:55 of 1st period - Snap shot by Evgeny Dadonov.
3:55 of 1st period - Shot Misses the Net.
3:57 of 1st period - Wrist shot by Andrei Loktionov.
3:57 of 1st period - Shot Misses the Net.
4:19 of 1st period - Wrist shot by David Desharnais.
4:19 of 1st period - Shot Misses the Net.
4:55 of 1st period - Colby Cohen is hit by Andrei Loktionov and loses puck.
5:59 of 1st period - Wrist shot by Scott Parse.
5:59 of 1st period - Shot Blocked by Brian Gionta.
6:50 of 1st period - Mat Clark is hit by Jiri Tlusty and loses puck.
7:19 of 1st period - Dany Roussin is hit by Bryan Bickell and loses puck.
7:28 of 1st period - Bryan Bickell is hit by Ryan O'Reilly and loses puck.
7:41 of 1st period - David Fischer is hit by Danny Kristo and loses puck.
7:46 of 1st period - Snap shot by Cody Eakin.
7:46 of 1st period - Goal by Cody Eakin - Thunder : 0 - Staline : 1.
7:47 of 1st period - Tom Pyatt wins face-off versus Andrei Loktionov in neutral zone.
8:56 of 1st period - Backhand shot by Cody Eakin.
8:56 of 1st period - Stopped by Barry Brust without a rebound.
8:57 of 1st period - Cody Eakin wins face-off versus Tom Pyatt in Thunder zone.
9:08 of 1st period - Snap shot by Adam Hall.
9:08 of 1st period - Shot Blocked by Danny Kristo.
9:45 of 1st period - Philip Larsen is hit by Casey Pierro-Zabotel and loses puck.
9:50 of 1st period - Slapshot by Brandon Mashinter.
9:50 of 1st period - Goal by Brandon Mashinter - Thunder : 1 - Staline : 1.
9:51 of 1st period - Andrei Loktionov wins face-off versus Tom Pyatt in neutral zone.
10:06 of 1st period - Wrist shot by Adam Hall.
10:06 of 1st period - Stopped by Tobias Stephan without a rebound.
10:07 of 1st period - David Clarkson wins face-off versus Yan Stastny in Staline zone.
10:08 of 1st period - Wrist shot by Dany Roussin.
10:08 of 1st period - Stopped by Tobias Stephan with a rebound.
10:18 of 1st period - Snap shot by Jiri Tlusty.
10:18 of 1st period - Stopped by Barry Brust with a rebound.
10:20 of 1st period - Slapshot by Mark Fraser.
10:20 of 1st period - Stopped by Barry Brust with a rebound.
10:32 of 1st period - Andrei Loktionov is hit by Scott Parse and loses puck.
11:21 of 1st period - Snap shot by Jiri Tlusty.
11:21 of 1st period - Deflect By Yan Stastny.
11:21 of 1st period - Goal by Yan Stastny - Thunder : 1 - Staline : 2.
11:22 of 1st period - Tom Pyatt wins face-off versus Andrei Loktionov in neutral zone.
11:35 of 1st period - Slapshot by Tom Pyatt.
11:35 of 1st period - Stopped by Tobias Stephan with a rebound.
11:37 of 1st period - Snap shot by Adam Hall.
11:37 of 1st period - Stopped by Tobias Stephan without a rebound.
11:38 of 1st period - Ryan O'Reilly wins face-off versus Yan Stastny in Staline zone.
11:48 of 1st period - Icing by Stu Bickel.
11:49 of 1st period - Yan Stastny wins face-off versus Adam Hall in Staline zone.
11:49 of 1st period - Yan Stastny is hit by Brett Festerling.
12:00 of 1st period - Wrist shot by Jiri Tlusty.
12:00 of 1st period - Deflect By Yan Stastny.
12:00 of 1st period - Stopped by Barry Brust with a rebound.
12:02 of 1st period - Slapshot by Mark Fraser.
12:02 of 1st period - Shot Blocked by Brett Festerling.
12:04 of 1st period - Snap shot by Yan Stastny.
12:04 of 1st period - Deflect By Nick Spaling.
12:04 of 1st period - Shot Blocked by Tom Pyatt.
12:04 of 1st period - Puck is out of play.
12:05 of 1st period - Ryan O'Reilly wins face-off versus Andrei Loktionov in Thunder zone.
12:37 of 1st period - Adam Hall is hit by Jiri Tlusty and loses puck.
12:44 of 1st period - Nick Spaling is hit by Scott Parse and loses puck.
12:52 of 1st period - Icing by Yan Stastny.
12:53 of 1st period - Brandon Mashinter wins face-off versus Yan Stastny in Staline zone.
13:04 of 1st period - Slapshot by Ryan O'Reilly.
13:04 of 1st period - Shot Misses the Net.
13:06 of 1st period - Snap shot by David Clarkson.
13:06 of 1st period - Goal by David Clarkson - Thunder : 2 - Staline : 2.
13:07 of 1st period - Andrei Loktionov wins face-off versus Tom Pyatt in neutral zone.
13:10 of 1st period - Snap shot by Andrei Loktionov.
13:10 of 1st period - Shot Misses the Net.
13:32 of 1st period - Stu Bickel is hit by Dany Roussin and loses puck.
13:37 of 1st period - Snap shot by Ryan O'Reilly.
13:37 of 1st period - Shot Misses the Net.
13:43 of 1st period - Slapshot by David Clarkson.
13:43 of 1st period - Stopped by Tobias Stephan without a rebound.
13:44 of 1st period - Andrei Loktionov wins face-off versus Brandon Mashinter in Staline zone.
13:55 of 1st period - Slapshot by Andrei Loktionov.
13:55 of 1st period - Shot Blocked by Brandon Mashinter.
13:57 of 1st period - Snap shot by Philip Larsen.
13:57 of 1st period - Shot Misses the Net.
13:59 of 1st period - Snap shot by Andrei Loktionov.
13:59 of 1st period - Stopped by Barry Brust with a rebound.
14:21 of 1st period - Nick Spaling is hit by Scott Parse and loses puck.
14:33 of 1st period - Tom Pyatt is hit by Nick Spaling and loses puck.
14:42 of 1st period - Yan Stastny is hit by Tom Pyatt and loses puck.
14:55 of 1st period - Wrist shot by Adam Hall.
14:55 of 1st period - Shot Misses the Net.
14:57 of 1st period - Snap shot by Tom Pyatt.
14:57 of 1st period - Stopped by Tobias Stephan without a rebound.
14:58 of 1st period - Andrei Loktionov wins face-off versus Ryan O'Reilly in Staline zone.
15:03 of 1st period - Matt Generous is hit by Andrei Loktionov and loses puck.
15:08 of 1st period - Wrist shot by Andrei Loktionov.
15:08 of 1st period - Shot Misses the Net.
15:14 of 1st period - Snap shot by Evgeny Dadonov.
15:14 of 1st period - Shot Blocked by David Clarkson.
16:03 of 1st period - David Clarkson is hit by Stu Bickel.
16:10 of 1st period - Icing by Colby Cohen.
16:11 of 1st period - Ryan O'Reilly wins face-off versus David Desharnais in Thunder zone.
16:20 of 1st period - Snap shot by Robin Leblanc.
16:20 of 1st period - Shot Blocked by David Desharnais.
16:22 of 1st period - Backhand shot by Robin Leblanc.
16:22 of 1st period - Shot Misses the Net.
16:24 of 1st period - Snap shot by Robin Leblanc.
16:24 of 1st period - Shot Misses the Net.
17:00 of 1st period - Snap shot by Ryan O'Reilly.
17:00 of 1st period - Shot Blocked by Stu Bickel.
18:25 of 1st period - Slapshot by Adam Hall.
18:25 of 1st period - Shot Misses the Net.
19:38 of 1st period - Nick Spaling is hit by David Clarkson and loses puck.
Goals for this period are 2 for Thunder vs 2 for Staline.
Shots for this period are 8 for Thunder vs 8 for Staline.

2nd period


0:01 of 2nd period - Andrei Loktionov wins face-off versus Tom Pyatt in neutral zone.
0:30 of 2nd period - Matt Generous is hit by Mark Fraser and loses puck.
0:53 of 2nd period - Snap shot by Robin Leblanc.
0:53 of 2nd period - Stopped by Tobias Stephan without a rebound.
0:54 of 2nd period - David Desharnais wins face-off versus Tom Pyatt in Staline zone.
1:04 of 2nd period - Minor Penalty to Tom Pyatt for Hooking.
1:05 of 2nd period - Scott Parse wins face-off versus Andrei Loktionov in Thunder zone.
1:20 of 2nd period - Off-side.
1:21 of 2nd period - Andrei Loktionov wins face-off versus Scott Parse in neutral zone.
1:32 of 2nd period - Snap shot by Evgeny Dadonov.
1:32 of 2nd period - Shot Misses the Net.
1:44 of 2nd period - Slapshot by Yan Stastny.
1:44 of 2nd period - Shot Blocked by Matt Generous.
2:12 of 2nd period - Minor Penalty to David Fischer for Holding.
2:13 of 2nd period - Scott Parse wins face-off versus Andrei Loktionov in Thunder zone.
2:36 of 2nd period - Icing by Andrei Loktionov.
2:37 of 2nd period - Andrei Loktionov wins face-off versus Scott Parse in Staline zone.
2:39 of 2nd period - Icing by Evgeny Dadonov.
2:40 of 2nd period - Yan Stastny wins face-off versus Scott Parse in Staline zone.
3:04 of 2nd period - Penalty to Tom Pyatt is over, Tom Pyatt is back on ice.
3:13 of 2nd period - Wrist shot by Andrei Loktionov.
3:13 of 2nd period - Goal by Andrei Loktionov - Thunder : 2 - Staline : 3.
3:14 of 2nd period - Ryan O'Reilly wins face-off versus Andrei Loktionov in neutral zone.
3:33 of 2nd period - Ryan O'Reilly is hit by Brian Gionta and loses puck.
4:14 of 2nd period - Wrist shot by Robin Leblanc.
4:14 of 2nd period - Shot Misses the Net.
4:18 of 2nd period - Snap shot by Robin Leblanc.
4:18 of 2nd period - Shot Misses the Net.
4:30 of 2nd period - Wrist shot by Cody Eakin.
4:30 of 2nd period - Stopped by Barry Brust with a rebound.
4:38 of 2nd period - Snap shot by Cody Eakin.
4:38 of 2nd period - Shot Misses the Net.
4:46 of 2nd period - Minor Penalty to Daultan Leveillé for High sticking.
4:47 of 2nd period - Andrei Loktionov wins face-off versus Scott Parse in Thunder zone.
4:54 of 2nd period - Slapshot by Andrei Loktionov.
4:54 of 2nd period - Stopped by Barry Brust with a rebound.
4:56 of 2nd period - Snap shot by Evgeny Dadonov.
4:56 of 2nd period - Shot Blocked by Joey Ryan.
4:58 of 2nd period - Slapshot by Mark Fraser.
4:58 of 2nd period - Shot Blocked by Joey Ryan.
5:00 of 2nd period - Wrist shot by Brian Gionta.
5:00 of 2nd period - Shot Blocked by Joey Ryan.
5:02 of 2nd period - Snap shot by Brian Gionta.
5:02 of 2nd period - Deflect By Evgeny Dadonov.
5:02 of 2nd period - Goal by Evgeny Dadonov - Thunder : 2 - Staline : 4.
5:02 of 2nd period - Devan Dubnyk enters game.
5:03 of 2nd period - Tom Pyatt wins face-off versus Andrei Loktionov in neutral zone.
5:14 of 2nd period - Snap shot by Adam Hall.
5:14 of 2nd period - Stopped by Tobias Stephan with a rebound.
5:52 of 2nd period - Wrist shot by Robin Leblanc.
5:52 of 2nd period - Shot Blocked by Torey Krug.
5:54 of 2nd period - Wrist shot by Brandon Mashinter.
5:54 of 2nd period - Shot Blocked by Jordan Caron.
5:56 of 2nd period - Snap shot by Casey Pierro-Zabotel.
5:56 of 2nd period - Stopped by Tobias Stephan with a rebound.
5:58 of 2nd period - Slapshot by David Fischer.
5:58 of 2nd period - Shot Blocked by Torey Krug.
6:00 of 2nd period - Wrist shot by Casey Pierro-Zabotel.
6:00 of 2nd period - Stopped by Tobias Stephan without a rebound.
6:01 of 2nd period - Tom Pyatt wins face-off versus Andrei Loktionov in Staline zone.
6:04 of 2nd period - Snap shot by Scott Parse.
6:04 of 2nd period - Stopped by Tobias Stephan with a rebound.
6:28 of 2nd period - Nick Spaling is hit by David Fischer and loses puck.
6:51 of 2nd period - Slapshot by Jordan Caron.
6:51 of 2nd period - Shot Misses the Net.
6:53 of 2nd period - Slapshot by Mark Fraser.
6:53 of 2nd period - Stopped by Devan Dubnyk with a rebound.
6:55 of 2nd period - Wrist shot by Jordan Caron.
6:55 of 2nd period - Shot Misses the Net.
6:57 of 2nd period - Slapshot by Jordan Caron.
6:57 of 2nd period - Goal by Jordan Caron - Thunder : 2 - Staline : 5.
6:58 of 2nd period - Tom Pyatt wins face-off versus Andrei Loktionov in neutral zone.
7:01 of 2nd period - Andrei Loktionov is hit by Adam Hall and loses puck.
7:47 of 2nd period - Snap shot by Casey Pierro-Zabotel.
7:47 of 2nd period - Stopped by Tobias Stephan with a rebound.
7:49 of 2nd period - Backhand shot by Joey Ryan.
7:49 of 2nd period - Stopped by Tobias Stephan with a rebound.
7:51 of 2nd period - Backhand shot by Joey Ryan.
7:51 of 2nd period - Shot Blocked by Torey Krug.
7:53 of 2nd period - Snap shot by Robin Leblanc.
7:53 of 2nd period - Deflect By Brandon Mashinter.
7:53 of 2nd period - Shot Blocked by Torey Krug.
7:53 of 2nd period - Puck is out of play.
7:54 of 2nd period - Andrei Loktionov wins face-off versus Tom Pyatt in Staline zone.
7:59 of 2nd period - Snap shot by Adam Hall.
7:59 of 2nd period - Deflect By Brian Gionta.
7:59 of 2nd period - Stopped by Tobias Stephan with a rebound.
8:01 of 2nd period - Slapshot by David Fischer.
8:01 of 2nd period - Shot Misses the Net.
8:03 of 2nd period - Snap shot by Adam Hall.
8:03 of 2nd period - Stopped by Tobias Stephan with a rebound.
8:05 of 2nd period - Wrist shot by Adam Hall.
8:05 of 2nd period - Thunder goal is going for a video replay.
8:05 of 2nd period - The goal is good.
8:05 of 2nd period - Goal by Adam Hall - Thunder : 3 - Staline : 5.
8:06 of 2nd period - Tom Pyatt wins face-off versus Andrei Loktionov in neutral zone.
8:11 of 2nd period - Slapshot by Jordie Benn.
8:11 of 2nd period - Stopped by Tobias Stephan with a rebound.
8:13 of 2nd period - Slapshot by Jordie Benn.
8:13 of 2nd period - Shot Misses the Net.
8:15 of 2nd period - Snap shot by Adam Hall.
8:15 of 2nd period - Stopped by Tobias Stephan without a rebound.
8:16 of 2nd period - Andrei Loktionov wins face-off versus Tom Pyatt in Staline zone.
8:53 of 2nd period - Snap shot by Adam Hall.
8:53 of 2nd period - Shot Blocked by Brian Gionta.
8:55 of 2nd period - Slapshot by Adam Hall.
8:55 of 2nd period - Stopped by Tobias Stephan with a rebound.
9:06 of 2nd period - Slapshot by Jordie Benn.
9:06 of 2nd period - Deflect By Adam Hall.
9:06 of 2nd period - Stopped by Tobias Stephan with a rebound.
9:10 of 2nd period - Snap shot by Tom Pyatt.
9:10 of 2nd period - Shot Misses the Net.
9:12 of 2nd period - Slapshot by Matt Generous.
9:12 of 2nd period - Shot Blocked by Stu Bickel.
9:14 of 2nd period - Slapshot by Jordie Benn.
9:14 of 2nd period - Deflect By Evgeny Dadonov.
9:14 of 2nd period - Stopped by Tobias Stephan with a rebound.
9:16 of 2nd period - Snap shot by Scott Parse.
9:16 of 2nd period - Deflect By Tom Pyatt.
9:16 of 2nd period - Stopped by Tobias Stephan with a rebound.
9:40 of 2nd period - Brian Gionta is hit by Jordie Benn and loses puck.
10:16 of 2nd period - Jordie Benn is hit by Mark Fraser and loses puck.
10:20 of 2nd period - Icing by Scott Parse.
10:21 of 2nd period - Yan Stastny wins face-off versus Tom Pyatt in Thunder zone.
10:34 of 2nd period - Jiri Tlusty is hit by Adam Hall and loses puck.
10:53 of 2nd period - David Kolomatis is hit by Scott Parse and loses puck.
11:59 of 2nd period - Snap shot by Cody Eakin.
11:59 of 2nd period - Stopped by Devan Dubnyk without a rebound.
12:00 of 2nd period - Cody Eakin wins face-off versus Ryan O'Reilly in Thunder zone.
12:01 of 2nd period - Snap shot by James Sheppard.
12:01 of 2nd period - Shot Misses the Net.
12:03 of 2nd period - Snap shot by Cody Eakin.
12:03 of 2nd period - Goal by Cody Eakin - Thunder : 3 - Staline : 6.
12:04 of 2nd period - Yan Stastny wins face-off versus Ryan O'Reilly in neutral zone.
12:29 of 2nd period - David Fischer is hit by Bryan Bickell and loses puck.
12:38 of 2nd period - Slapshot by David Desharnais.
12:38 of 2nd period - Stopped by Devan Dubnyk with a rebound.
13:13 of 2nd period - Snap shot by Jiri Tlusty.
13:13 of 2nd period - Shot Blocked by Jannik Hansen.
13:19 of 2nd period - Stu Bickel is hit by Bobby Farnham and loses puck.
13:38 of 2nd period - Brandon Mashinter is hit by David Desharnais and loses puck.
14:03 of 2nd period - Wrist shot by Brian Gionta.
14:03 of 2nd period - Stopped by Devan Dubnyk with a rebound.
14:05 of 2nd period - Wrist shot by Evgeny Dadonov.
14:05 of 2nd period - Shot Misses the Net.
14:07 of 2nd period - Slapshot by Stu Bickel.
14:07 of 2nd period - Shot Blocked by David Clarkson.
14:42 of 2nd period - Wrist shot by David Desharnais.
14:42 of 2nd period - Shot Blocked by Brett Festerling.
15:25 of 2nd period - Wrist shot by Danny Kristo.
15:25 of 2nd period - Shot Misses the Net.
15:36 of 2nd period - Minor Penalty to Tom Pyatt for Hooking.
15:37 of 2nd period - Scott Parse wins face-off versus Andrei Loktionov in Thunder zone.
15:46 of 2nd period - Off-side.
15:47 of 2nd period - Andrei Loktionov wins face-off versus Scott Parse in neutral zone.
15:52 of 2nd period - Wrist shot by Evgeny Dadonov.
15:52 of 2nd period - Stopped by Devan Dubnyk with a rebound.
16:08 of 2nd period - Snap shot by Andrei Loktionov.
16:08 of 2nd period - Shot Misses the Net.
16:28 of 2nd period - Snap shot by Evgeny Dadonov.
16:28 of 2nd period - Shot Misses the Net.
16:30 of 2nd period - Snap shot by Evgeny Dadonov.
16:30 of 2nd period - Shot Misses the Net.
16:32 of 2nd period - Snap shot by Andrei Loktionov.
16:32 of 2nd period - Shot Blocked by Adam Hall.
16:34 of 2nd period - Snap shot by Evgeny Dadonov.
16:34 of 2nd period - Shot Misses the Net.
16:36 of 2nd period - Snap shot by Evgeny Dadonov.
16:36 of 2nd period - Goal by Evgeny Dadonov - Thunder : 3 - Staline : 7.
16:37 of 2nd period - Yan Stastny wins face-off versus Ryan O'Reilly in neutral zone.
16:39 of 2nd period - Off-side.
16:40 of 2nd period - Yan Stastny wins face-off versus Ryan O'Reilly in neutral zone.
17:10 of 2nd period - Snap shot by Robin Leblanc.
17:10 of 2nd period - Goal by Robin Leblanc - Thunder : 4 - Staline : 7.
17:11 of 2nd period - Andrei Loktionov wins face-off versus Tom Pyatt in neutral zone.
17:24 of 2nd period - Off-side.
17:25 of 2nd period - Tom Pyatt wins face-off versus Andrei Loktionov in neutral zone.
17:41 of 2nd period - Slapshot by Tom Pyatt.
17:41 of 2nd period - Stopped by Tobias Stephan with a rebound.
18:16 of 2nd period - Torey Krug is hit by Daultan Leveillé.
18:22 of 2nd period - Slapshot by Bryan Bickell.
18:22 of 2nd period - Stopped by Devan Dubnyk with a rebound.
18:28 of 2nd period - Minor Penalty to Casey Pierro-Zabotel for Interference.
18:29 of 2nd period - Scott Parse wins face-off versus Andrei Loktionov in Thunder zone.
18:43 of 2nd period - Slapshot by Matt Generous.
18:43 of 2nd period - Shot Misses the Net.
18:49 of 2nd period - Adam Hall is hit by Andrei Loktionov and loses puck.
Goals for this period are 2 for Thunder vs 5 for Staline.
Shots for this period are 18 for Thunder vs 13 for Staline.

3rd period


0:01 of 3rd period - Scott Parse wins face-off versus Evgeny Dadonov in neutral zone.
0:28 of 3rd period - Penalty to Casey Pierro-Zabotel is over, Casey Pierro-Zabotel is back on ice.
0:49 of 3rd period - Snap shot by David Desharnais.
0:49 of 3rd period - Shot Misses the Net.
0:51 of 3rd period - Slapshot by Torey Krug.
0:51 of 3rd period - Shot Blocked by Jordie Benn.
0:53 of 3rd period - Slapshot by Philip Larsen.
0:53 of 3rd period - Shot Misses the Net.
0:55 of 3rd period - Slapshot by David Desharnais.
0:55 of 3rd period - Shot Misses the Net.
1:09 of 3rd period - James Sheppard is hit by Scott Parse and loses puck.
1:26 of 3rd period - Snap shot by David Clarkson.
1:26 of 3rd period - Shot Misses the Net.
1:36 of 3rd period - Snap shot by Danny Kristo.
1:36 of 3rd period - Goal by Danny Kristo - Thunder : 4 - Staline : 8.
1:36 of 3rd period - Barry Brust enters game.
1:37 of 3rd period - Andrei Loktionov wins face-off versus Tom Pyatt in neutral zone.
1:39 of 3rd period - Mark Fraser is hit by Joey Ryan and loses puck.
1:42 of 3rd period - Slapshot by Stu Bickel.
1:42 of 3rd period - Shot Blocked by Tom Pyatt.
1:44 of 3rd period - Slapshot by Evgeny Dadonov.
1:44 of 3rd period - Deflect By Andrei Loktionov.
1:44 of 3rd period - Stopped by Barry Brust with a rebound.
1:46 of 3rd period - Slapshot by Evgeny Dadonov.
1:46 of 3rd period - Stopped by Barry Brust without a rebound.
1:47 of 3rd period - Andrei Loktionov wins face-off versus Tom Pyatt in Thunder zone.
2:02 of 3rd period - Snap shot by Adam Hall.
2:02 of 3rd period - Stopped by Tobias Stephan without a rebound.
2:03 of 3rd period - Ryan O'Reilly wins face-off versus Yan Stastny in Staline zone.
2:06 of 3rd period - Slapshot by Dany Roussin.
2:06 of 3rd period - Shot Blocked by Stu Bickel.
2:08 of 3rd period - Snap shot by Matt Generous.
2:08 of 3rd period - Stopped by Tobias Stephan with a rebound.
2:10 of 3rd period - Wrist shot by Dany Roussin.
2:10 of 3rd period - Shot Misses the Net.
2:16 of 3rd period - Slapshot by Ryan O'Reilly.
2:16 of 3rd period - Stopped by Tobias Stephan with a rebound.
2:18 of 3rd period - Snap shot by Ryan O'Reilly.
2:18 of 3rd period - Goal by Ryan O'Reilly - Thunder : 5 - Staline : 8.
2:19 of 3rd period - Andrei Loktionov wins face-off versus Tom Pyatt in neutral zone.
2:21 of 3rd period - Minor Penalty to Brian Gionta for Hooking.
2:22 of 3rd period - Evgeny Dadonov wins face-off versus Tom Pyatt in Staline zone.
3:06 of 3rd period - Snap shot by Bryan Bickell.
3:06 of 3rd period - Deflect By Peter Holland.
3:06 of 3rd period - Stopped by Barry Brust with a rebound.
3:18 of 3rd period - Snap shot by Adam Hall.
3:18 of 3rd period - Shot Misses the Net.
3:20 of 3rd period - Snap shot by Adam Hall.
3:20 of 3rd period - Shot Misses the Net.
4:21 of 3rd period - Penalty to Brian Gionta is over, Brian Gionta is back on ice.
4:28 of 3rd period - Slapshot by James Sheppard.
4:28 of 3rd period - Stopped by Barry Brust with a rebound.
4:46 of 3rd period - Wrist shot by Brandon Mashinter.
4:46 of 3rd period - Shot Misses the Net.
4:48 of 3rd period - Wrist shot by Brandon Mashinter.
4:48 of 3rd period - Stopped by Tobias Stephan without a rebound.
4:49 of 3rd period - Brandon Mashinter wins face-off versus Yan Stastny in Staline zone.
4:56 of 3rd period - Snap shot by Robin Leblanc.
4:56 of 3rd period - Stopped by Tobias Stephan with a rebound.
5:04 of 3rd period - Slapshot by Yan Stastny.
5:04 of 3rd period - Stopped by Barry Brust without a rebound.
5:05 of 3rd period - Scott Parse wins face-off versus Andrei Loktionov in Thunder zone.
5:37 of 3rd period - Wrist shot by Jiri Tlusty.
5:37 of 3rd period - Stopped by Barry Brust without a rebound.
5:38 of 3rd period - Ryan O'Reilly wins face-off versus Yan Stastny in Thunder zone.
5:48 of 3rd period - Stu Bickel is hit by Brett Festerling.
5:52 of 3rd period - Wrist shot by Nick Spaling.
5:52 of 3rd period - Shot Misses the Net.
5:54 of 3rd period - Snap shot by Jiri Tlusty.
5:54 of 3rd period - Stopped by Barry Brust with a rebound.
6:10 of 3rd period - Snap shot by Jordan Caron.
6:10 of 3rd period - Shot Blocked by Ryan O'Reilly.
6:12 of 3rd period - Snap shot by Bryan Bickell.
6:12 of 3rd period - Shot Misses the Net.
6:14 of 3rd period - Slapshot by David Kolomatis.
6:14 of 3rd period - Stopped by Barry Brust without a rebound.
6:15 of 3rd period - Andrei Loktionov wins face-off versus Adam Hall in Thunder zone.
6:40 of 3rd period - Brandon Mashinter is hit by Jiri Tlusty and loses puck.
6:47 of 3rd period - Nick Spaling is hit by Brandon Mashinter and loses puck.
7:03 of 3rd period - Joey Ryan is hit by James Sheppard and loses puck.
7:43 of 3rd period - Off-side.
7:44 of 3rd period - Adam Hall wins face-off versus Andrei Loktionov in neutral zone.
8:07 of 3rd period - David Kolomatis is hit by Casey Pierro-Zabotel and loses puck.
8:12 of 3rd period - Snap shot by Brandon Mashinter.
8:12 of 3rd period - Deflect By Robin Leblanc.
8:12 of 3rd period - Stopped by Tobias Stephan with a rebound.
8:14 of 3rd period - Snap shot by Robin Leblanc.
8:14 of 3rd period - Shot Blocked by Jiri Tlusty.
8:16 of 3rd period - Snap shot by Robin Leblanc.
8:16 of 3rd period - Shot Misses the Net.
8:30 of 3rd period - Snap shot by David Desharnais.
8:30 of 3rd period - Stopped by Barry Brust with a rebound.
8:32 of 3rd period - Slapshot by David Kolomatis.
8:32 of 3rd period - Shot Misses the Net.
8:34 of 3rd period - Slapshot by David Kolomatis.
8:34 of 3rd period - Deflect By Jordan Caron.
8:34 of 3rd period - Shot Misses the Net.
8:34 of 3rd period - Puck is out of play.
8:35 of 3rd period - David Desharnais wins face-off versus Tom Pyatt in Thunder zone.
8:44 of 3rd period - Jordan Caron is hit by Adam Hall and loses puck.
8:51 of 3rd period - Snap shot by Stu Bickel.
8:51 of 3rd period - Deflect By David Desharnais.
8:51 of 3rd period - Shot Blocked by Scott Parse.
8:51 of 3rd period - Puck is out of play.
8:52 of 3rd period - Andrei Loktionov wins face-off versus Ryan O'Reilly in Thunder zone.
9:33 of 3rd period - Icing by Jiri Tlusty.
9:34 of 3rd period - Brandon Mashinter wins face-off versus Yan Stastny in Staline zone.
9:35 of 3rd period - Snap shot by Robin Leblanc.
9:35 of 3rd period - Goal by Robin Leblanc - Thunder : 6 - Staline : 8.
9:36 of 3rd period - Tom Pyatt wins face-off versus Andrei Loktionov in neutral zone.
9:40 of 3rd period - Off-side.
9:41 of 3rd period - Tom Pyatt wins face-off versus Andrei Loktionov in neutral zone.
9:44 of 3rd period - Matt Generous is hit by Mark Fraser.
9:50 of 3rd period - Mark Fraser is hit by Jordie Benn and loses puck.
10:16 of 3rd period - Wrist shot by Evgeny Dadonov.
10:16 of 3rd period - Shot Blocked by Jordie Benn.
10:40 of 3rd period - Slapshot by Tom Pyatt.
10:40 of 3rd period - Goal by Tom Pyatt - Thunder : 7 - Staline : 8.
10:41 of 3rd period - Ryan O'Reilly wins face-off versus Nick Spaling in neutral zone.
11:02 of 3rd period - Minor Penalty to Dany Roussin for Hooking.
11:03 of 3rd period - Scott Parse wins face-off versus Andrei Loktionov in Thunder zone.
11:03 of 3rd period - Scott Parse is hit by Brian Gionta.
11:30 of 3rd period - Scott Parse is hit by Jiri Tlusty and loses puck.
13:02 of 3rd period - Penalty to Dany Roussin is over, Dany Roussin is back on ice.
14:11 of 3rd period - Brett Festerling is hit by Philip Larsen and loses puck.
14:24 of 3rd period - Slapshot by Robin Leblanc.
14:24 of 3rd period - Shot Blocked by David Kolomatis.
14:44 of 3rd period - Icing by Yan Stastny.
14:45 of 3rd period - Yan Stastny wins face-off versus Tom Pyatt in Staline zone.
15:41 of 3rd period - Joey Ryan is hit by Stu Bickel.
15:49 of 3rd period - David Fischer is hit by Jordan Caron and loses puck.
16:06 of 3rd period - Snap shot by Adam Hall.
16:06 of 3rd period - Stopped by Tobias Stephan with a rebound.
16:08 of 3rd period - Slapshot by Tom Pyatt.
16:08 of 3rd period - Goal by Tom Pyatt - Thunder : 8 - Staline : 8.
16:09 of 3rd period - David Desharnais wins face-off versus Tom Pyatt in neutral zone.
16:21 of 3rd period - Snap shot by David Desharnais.
16:21 of 3rd period - Stopped by Barry Brust without a rebound.
16:22 of 3rd period - Tom Pyatt wins face-off versus Jordan Caron in Thunder zone.
17:12 of 3rd period - Snap shot by Ryan O'Reilly.
17:12 of 3rd period - Stopped by Tobias Stephan with a rebound.
17:14 of 3rd period - Backhand shot by Dany Roussin.
17:14 of 3rd period - Deflect By David Clarkson.
17:14 of 3rd period - Shot Blocked by Torey Krug.
17:14 of 3rd period - Puck is out of play.
17:15 of 3rd period - Jordan Caron wins face-off versus Ryan O'Reilly in Staline zone.
17:20 of 3rd period - Slapshot by Philip Larsen.
17:20 of 3rd period - Stopped by Barry Brust with a rebound.
17:22 of 3rd period - Slapshot by Torey Krug.
17:22 of 3rd period - Deflect By Ryan O'Reilly.
17:22 of 3rd period - Stopped by Barry Brust without a rebound.
17:23 of 3rd period - Brandon Mashinter wins face-off versus David Desharnais in Thunder zone.
17:23 of 3rd period - Brandon Mashinter is hit by Philip Larsen.
17:28 of 3rd period - Matt Generous is hit by Philip Larsen and loses puck.
17:58 of 3rd period - Slapshot by Mark Fraser.
17:58 of 3rd period - Shot Blocked by Matt Generous.
18:00 of 3rd period - Wrist shot by Jordan Caron.
18:00 of 3rd period - Stopped by Barry Brust without a rebound.
18:01 of 3rd period - Brandon Mashinter wins face-off versus Andrei Loktionov in Thunder zone.
18:01 of 3rd period - Brandon Mashinter is hit by Andrei Loktionov.
18:13 of 3rd period - Wrist shot by Brian Gionta.
18:13 of 3rd period - Stopped by Barry Brust with a rebound.
18:15 of 3rd period - Snap shot by Evgeny Dadonov.
18:15 of 3rd period - Stopped by Barry Brust with a rebound.
18:27 of 3rd period - Mark Fraser is hit by Joey Ryan and loses puck.
18:48 of 3rd period - Off-side.
18:49 of 3rd period - Ryan O'Reilly wins face-off versus Andrei Loktionov in neutral zone.
19:33 of 3rd period - David Kolomatis is hit by Ryan O'Reilly and loses puck.
19:58 of 3rd period - Aaron Ness is hit by Dany Roussin.
Goals for this period are 4 for Thunder vs 1 for Staline.
Shots for this period are 12 for Thunder vs 16 for Staline.

Overtime #1


0:01 of 1st overtime period - Andrei Loktionov wins face-off versus Tom Pyatt in neutral zone.
0:36 of 1st overtime period - Slapshot by Torey Krug.
0:36 of 1st overtime period - Shot Misses the Net.
0:38 of 1st overtime period - Snap shot by Yan Stastny.
0:38 of 1st overtime period - Stopped by Barry Brust without a rebound.
0:39 of 1st overtime period - Andrei Loktionov wins face-off versus Tom Pyatt in Thunder zone.
0:40 of 1st overtime period - Slapshot by Evgeny Dadonov.
0:40 of 1st overtime period - Shot Misses the Net.
1:27 of 1st overtime period - Casey Pierro-Zabotel is hit by Bryan Bickell and loses puck.
1:54 of 1st overtime period - Mat Clark is hit by James Sheppard.
3:03 of 1st overtime period - Slapshot by Mark Fraser.
3:03 of 1st overtime period - Shot Misses the Net.
3:14 of 1st overtime period - Icing by Stu Bickel.
3:15 of 1st overtime period - Andrei Loktionov wins face-off versus Brandon Mashinter in Staline zone.
3:22 of 1st overtime period - Snap shot by Robin Leblanc.
3:22 of 1st overtime period - Stopped by Tobias Stephan with a rebound.
4:45 of 1st overtime period - Brian Gionta is hit by Dany Roussin and loses puck.
5:00 of 1st overtime period - Minor Penalty to Evgeny Dadonov for Tripping.
5:01 of 1st overtime period - Peter Holland wins face-off versus Tom Pyatt in Staline zone.
5:01 of 1st overtime period - Peter Holland is hit by Scott Parse.
5:17 of 1st overtime period - Slapshot by Scott Parse.
5:17 of 1st overtime period - Stopped by Tobias Stephan with a rebound.
5:34 of 1st overtime period - Mark Fraser is hit by Ryan O'Reilly and loses puck.
6:20 of 1st overtime period - Snap shot by David Clarkson.
6:20 of 1st overtime period - Shot Misses the Net.
6:22 of 1st overtime period - Snap shot by Jordie Benn.
6:22 of 1st overtime period - Shot Misses the Net.
6:24 of 1st overtime period - Slapshot by Matt Generous.
6:24 of 1st overtime period - Shot Blocked by Torey Krug.
6:28 of 1st overtime period - Snap shot by Dany Roussin.
6:28 of 1st overtime period - Stopped by Tobias Stephan with a rebound.
6:30 of 1st overtime period - Slapshot by Matt Generous.
6:30 of 1st overtime period - Stopped by Tobias Stephan with a rebound.
6:32 of 1st overtime period - Snap shot by David Clarkson.
6:32 of 1st overtime period - Stopped by Tobias Stephan without a rebound.
6:33 of 1st overtime period - Cody Eakin wins face-off versus Tom Pyatt in Staline zone.
7:00 of 1st overtime period - Penalty to Evgeny Dadonov is over, Evgeny Dadonov is back on ice.
7:07 of 1st overtime period - Icing by Mark Fraser.
7:08 of 1st overtime period - Yan Stastny wins face-off versus Brandon Mashinter in Staline zone.
7:36 of 1st overtime period - Off-side.
7:37 of 1st overtime period - Daultan Leveillé wins face-off versus David Desharnais in neutral zone.
8:04 of 1st overtime period - Slapshot by Torey Krug.
8:04 of 1st overtime period - Stopped by Barry Brust with a rebound.
8:16 of 1st overtime period - Wrist shot by David Desharnais.
8:16 of 1st overtime period - Shot Misses the Net.
8:52 of 1st overtime period - Snap shot by David Desharnais.
8:52 of 1st overtime period - Stopped by Barry Brust without a rebound.
8:53 of 1st overtime period - Ryan O'Reilly wins face-off versus Andrei Loktionov in Thunder zone.
8:53 of 1st overtime period - Ryan O'Reilly is hit by Brian Gionta.
8:58 of 1st overtime period - Off-side.
8:59 of 1st overtime period - Evgeny Dadonov wins face-off versus Ryan O'Reilly in neutral zone.
9:25 of 1st overtime period - Slapshot by Matt Generous.
9:25 of 1st overtime period - Deflect By Robin Leblanc.
9:25 of 1st overtime period - Shot Blocked by Jiri Tlusty.
9:25 of 1st overtime period - Puck is out of play.
9:26 of 1st overtime period - Brandon Mashinter wins face-off versus Nick Spaling in Staline zone.
9:31 of 1st overtime period - Snap shot by Robin Leblanc.
9:31 of 1st overtime period - Stopped by Tobias Stephan without a rebound.
9:32 of 1st overtime period - Ryan O'Reilly wins face-off versus Andrei Loktionov in Staline zone.
9:33 of 1st overtime period - Wrist shot by David Clarkson.
9:33 of 1st overtime period - Shot Misses the Net.
9:41 of 1st overtime period - Wrist shot by Evgeny Dadonov.
9:41 of 1st overtime period - Deflect By Brian Gionta.
9:41 of 1st overtime period - Shot Misses the Net.
9:41 of 1st overtime period - Puck is out of play.
9:42 of 1st overtime period - Ryan O'Reilly wins face-off versus Andrei Loktionov in Thunder zone.
9:44 of 1st overtime period - Minor Penalty to Dany Roussin for Roughing.
9:45 of 1st overtime period - Brian Gionta wins face-off versus Scott Parse in Thunder zone.
11:38 of 1st overtime period - Jiri Tlusty is hit by Casey Pierro-Zabotel and loses puck.
11:44 of 1st overtime period - Penalty to Dany Roussin is over, Dany Roussin is back on ice.
12:10 of 1st overtime period - Philip Larsen is hit by Dany Roussin.
13:40 of 1st overtime period - Brian Gionta is hit by Scott Parse and loses puck.
13:56 of 1st overtime period - Matt Generous is hit by Stu Bickel and loses puck.
14:45 of 1st overtime period - Off-side.
14:46 of 1st overtime period - Andrei Loktionov wins face-off versus Ryan O'Reilly in neutral zone.
15:11 of 1st overtime period - Wrist shot by David Desharnais.
15:11 of 1st overtime period - Shot Blocked by Mat Clark.
15:13 of 1st overtime period - Slapshot by Mark Fraser.
15:13 of 1st overtime period - Stopped by Barry Brust with a rebound.
16:10 of 1st overtime period - Wrist shot by Jannik Hansen.
16:10 of 1st overtime period - Shot Blocked by Aaron Ness.
16:12 of 1st overtime period - Minor Penalty to David Kolomatis for High sticking.
16:13 of 1st overtime period - Evgeny Dadonov wins face-off versus Tom Pyatt in Staline zone.
16:27 of 1st overtime period - Icing by Scott Parse.
16:28 of 1st overtime period - Evgeny Dadonov wins face-off versus Tom Pyatt in Thunder zone.
16:33 of 1st overtime period - Wrist shot by Andrei Loktionov.
16:33 of 1st overtime period - Shot Blocked by Adam Hall.
16:41 of 1st overtime period - Wrist shot by Scott Parse.
16:41 of 1st overtime period - Deflect By Adam Hall.
16:41 of 1st overtime period - Stopped by Tobias Stephan with a rebound.
16:43 of 1st overtime period - Slapshot by Matt Generous.
16:43 of 1st overtime period - Stopped by Tobias Stephan with a rebound.
16:45 of 1st overtime period - Snap shot by Jordie Benn.
16:45 of 1st overtime period - Shot Misses the Net.
17:15 of 1st overtime period - Philip Larsen is hit by Tom Pyatt and loses puck.
17:33 of 1st overtime period - Slapshot by Matt Generous.
17:33 of 1st overtime period - Shot Blocked by Philip Larsen.
17:33 of 1st overtime period - Philip Larsen from Staline is injured at 17:33 of 1st overtime period (Broken Bone (Right Foot)).
17:34 of 1st overtime period - Tom Pyatt wins face-off versus Evgeny Dadonov in Staline zone.
17:43 of 1st overtime period - Snap shot by Scott Parse.
17:43 of 1st overtime period - Stopped by Tobias Stephan without a rebound.
17:44 of 1st overtime period - Tom Pyatt wins face-off versus Evgeny Dadonov in Staline zone.
17:49 of 1st overtime period - Wrist shot by Scott Parse.
17:49 of 1st overtime period - Goal by Scott Parse - Thunder : 9 - Staline : 8.
Goals for this period are 1 for Thunder vs 0 for Staline.
Shots for this period are 10 for Thunder vs 4 for Staline.